Map: Orbital Shipyard

Players

wabbajack - Winner!

  • Race: Terran Terran
  • League: Grandmaster

RoteLokke

  • Race: Terran Terran
  • League: Grandmaster

VOD

Have the link to the VOD?

Description

Time

  • Played on: July 13, 2015, 11:19 a.m.
  • Length: 6:18
Show
View Real Time Build Order
Export as new Build Order

wabbajack Terran - Winner!

Build Orders:  

Get SALT Encoding   

  12  0:01  SCV  
  13  0:13  SCV  
  14  0:19  Supply Depot  
  14  0:25  SCV  
  15  0:40  SCV  
  16  0:43  Barracks  
  16  0:53  SCV  
  17  1:00  Refinery  
  17  1:01  Refinery  
  17  1:13  SCV  
  18  1:30  Marine  
  19  1:33  Supply Depot  
  19  1:36  Orbital Command  
  19  1:50  Factory  
  19  1:58  Barracks Reactor  
  19  2:01  SCV  
  20  2:14  SCV  
  21  2:23  Supply Depot  
  21  2:26  SCV  
  22  2:35  Armory  
  22  2:38  SCV  
  22  2:39  Starport  
  22  2:42  Factory Tech Lab  
  23  2:46  Marine x2  
  23  2:50  SCV  
  26  3:02  SCV  
  26  3:03  Marine  
  26  3:04  Supply Depot, Marine  
  29  3:14  SCV  
  30  3:21  Marine x2  
  32  3:29  Thor  
  38  3:35  Medivac  
  40  3:42  SCV  
  40  3:43  Supply Depot, Marine  
  40  3:46  Marine  
  43  3:57  SCV  
  43  4:01  Marine  
  45  4:03  Marine  
  45  4:07  Supply Depot  
  46  4:15  Thor  
  52  4:27  Marine x2  
  46  4:49  Medivac  
  48  4:58  Marine x2  
  50  5:07  Command Center  
Show
View Real Time Build Order
Export as new Build Order

RoteLokke Terran 

Build Orders:  

Get SALT Encoding   

  12  0:01  SCV  
  13  0:13  SCV  
  14  0:19  Supply Depot  
  14  0:25  SCV  
  15  0:41  Barracks  
  15  0:44  SCV  
  16  0:56  SCV, Barracks  
  17  1:08  SCV  
  18  1:20  SCV  
  19  1:33  Command Center  
  19  1:38  Marine  
  20  1:46  Marine  
  21  1:56  Supply Depot  
  21  1:59  Marine  
  21  2:01  Orbital Command  
  21  2:04  Refinery  
  21  2:06  Marine  
  22  2:17  Marine  
  23  2:24  Marine  
  23  2:25  Supply Depot  
  23  2:28  SCV  
  25  2:35  Marine  
  26  2:38  Refinery  
  26  2:42  Marine  
  27  2:47  Engineering Bay  
  27  2:52  Marine  
  28  3:03  Barracks Tech Lab  
  28  3:05  SCV  
  29  3:09  Orbital Command  
  29  3:17  SCV  
  30  3:21  Factory, Marine  
  30  3:26  Marauder  
  33  3:29  SCV  
  34  3:40  Supply Depot  
  35  3:41  SCV, Missile Turret  
  35  3:43  SCV  
  36  3:52  Missile Turret  
  36  3:57  Marauder  
  36  4:01  SCV  
  39  4:04  SCV  
  39  4:07  Barracks Reactor  
  40  4:13  SCV  
  41  4:19  SCV  
  41  4:20  Missile Turret  
  42  4:25  SCV  
  43  4:32  SCV  
  38  4:47  SCV  
  38  4:51  SCV  
  40  4:56  Barracks Tech Lab  
  40  4:59  SCV, Refinery  
  41  5:16  Starport  
  41  5:19  Armory  
  41  5:23  Command Center  
  41  5:27  Barracks, Marine x2  
  41  5:28  Barracks, Marauder  
Tags
 
Add a new tag
Caveats
  • Supply blocks, unpowered buildings, or Contaminate may cause inaccurate times.
  • Supply counts are checked every 10 seconds.